 Dungeon Crawl Stone Soup version 0.28-a0-1447-ga5a8893891 (webtiles) character file.

Game seed: 5162798039777797527

17959 shadowrider38 the Zephyrmancer (level 12, 0/110 HPs)
             Began as a White Draconian Air Elementalist on Jan 11, 2022.
             Was a Priest of Vehumet.
             Slain by a yak (10 damage)
             ... led by a torpor snail
             ... on level 4 of the Lair of Beasts.
             The game lasted 01:19:57 (31676 turns).

shadowrider38 the Zephyrmancer (DrAE)              Turns: 31676, Time: 01:19:58

Health: 0/110      AC: 13    Str: 11    XL:     12   Next: 23%
Magic:  24/26      EV: 13    Int: 29    God:    Vehumet [***...]
Gold:   1045       SH:  4    Dex: 11    Spells: 23/32 levels left

rFire   . . .      SeeInvis .   a - +4 flail (venom)
rCold   + . .      Faith    .   I - +0 buckler
rNeg    . . .      Spirit   .   (armour unavailable)
rPois   .          Reflect  .   h - +1 hat of the Unbroken {Rampage Int+2}
rElec   +          Harm     .   (no cloak)
rCorr   +          Rampage  ∞   (no gloves)
Will    .....                   e - +3 pair of seven-league boots {Rampage+∞}
Stlth   +.........              F - amulet of Woylyzeo {rElec Regen+ rCorr}
HPRegen 1.08/turn               S - +6 ring of intelligence
MPRegen 0.20/turn               y - +4 ring of slaying

@: slowed, very slow
A: breathe frost, AC +8, unfitting armour, cold resistance 1, cold-blooded
a: Breathe Frost, Renounce Religion


You were on level 4 of the Lair of Beasts.
You worshipped Vehumet.
Vehumet was most pleased with you.
You visited 4 branches of the dungeon, and saw 17 of its levels.

You collected 1045 gold pieces.

Inventory:

Hand Weapons
 a - a +4 flail of venom (weapon)
 H - a +6 dire flail
Missiles
 i - 375 stones
 o - 110 poisoned darts
 J - 6 boomerangs
 L - a boomerang of dispersal
 Q - 12 javelins
Armour
 e - the +3 pair of seven-league boots (worn) {Rampage+∞}
   (You acquired it on level 6 of the Dungeon)

   Its wearer moves as far as possible in that direction when moving towards
   enemies.
 h - the +1 hat of the Unbroken (worn) {Rampage Int+2}
   (You acquired it on level 6 of the Dungeon)

   Int:       It affects your intelligence (+2).
   Rampage:   It bestows one free step when moving towards enemies.
 I - a +0 buckler (worn)
Jewellery
 m - a ring of see invisible
 w - an amulet of reflection
 y - a +4 ring of slaying (right hand)
 F - the amulet of Woylyzeo (around neck) {rElec Regen+ rCorr}
   (You acquired it on level 2 of the Dungeon)

   [amulet of regeneration]

   rElec:     It insulates you from electricity.
   Regen:     It increases your rate of health regeneration.
   rCorr:     It protects you from acid and corrosion.
 K - an amulet of magic regeneration
 S - a +6 ring of intelligence (left hand)
Wands
 l - a wand of digging (1)
 u - a wand of flame (30)
 B - a wand of iceblast (10)
 C - a wand of paralysis (7)
 M - a wand of acid (7)
Scrolls
 c - 3 scrolls of blinking
 g - a scroll of silence
 n - 3 scrolls of amnesia
 p - 3 scrolls of torment {unknown}
 q - a scroll of brand weapon
 r - a scroll of magic mapping
 s - 3 scrolls of teleportation
 t - a scroll of fog
 v - a scroll of enchant weapon
 A - a scroll of fear
 E - a scroll of vulnerability
 G - a scroll of immolation
 P - 2 scrolls of enchant armour {unknown}
Potions
 b - 5 potions of mutation
 d - 2 potions of ambrosia
 f - 4 potions of haste
 j - 4 potions of curing
 k - 4 potions of brilliance
 x - 2 potions of berserk rage
 z - a potion of resistance
 D - a potion of attraction
 N - a potion of heal wounds
 O - 2 potions of lignification


   Skills:
 - Level 11.0 Fighting
 - Level 6.0 Dodging
 - Level 1.7 Stealth
 - Level 4.0 Shields
 + Level 10.8 Spellcasting
 - Level 1.0 Conjurations
 - Level 11.0 Air Magic
 - Level 4.0 Evocations


You had 23 spell levels left.
You knew the following spells:

 Your Spells              Type           Power      Damage    Failure   Level
a - Shock                 Conj/Air       100%       1d9       1%          1
b - Swiftness             Air            68%        N/A       1%          3
c - Airstrike             Air            34%        N/A       1%          4
d - Slow                  Hex            60%        N/A       4%          1

Your spell library contained the following spells:

 Spells                   Type           Power      Damage    Failure   Level
 Mephitic Cloud           Conj/Pois/Air  38%        N/A       1%          3
 Scorch                   Fire           30%        2d6       1%          2
 Static Discharge         Conj/Air       50%        N/A       1%          2
 Animate Skeleton         Necr           30%        N/A       4%          1
 Beastly Appendage        Tmut           30%        N/A       4%          1
 Pain                     Necr           60%        1d7       4%          1
 Summon Small Mammal      Summ           60%        N/A       4%          1
 Ensorcelled Hibernation  Hex/Ice        30%        N/A       7%          2
 Passwall                 Tmut/Erth      12%        N/A       7%          2
 Wereblood                Tmut           15%        N/A       7%          2
 Flame Wave               Conj/Fire      18%        2d5       10%         4
 Sticky Flame             Conj/Fire      18%        2d4       10%         4
 Call Canine Familiar     Summ           15%        N/A       13%         3
 Confusing Touch          Hex            15%        N/A       13%         3
 Spider Form              Tmut/Pois      15%        N/A       13%         3
 Summon Guardian Golem    Hex/Summ       15%        N/A       13%         3
 Vampiric Draining        Necr           15%        2d7       13%         3
 Dispel Undead            Necr           15%        3d10      41%         4
 Summon Cactus Giant      Summ           7%         N/A       100%        6


Dungeon Overview and Level Annotations

Branches:
Dungeon (12/15)            Temple (1/1) D:4            Lair (4/6) D:9
    Orc (1/2) D:10
  Swamp: Lair:2-4    Shoals: Lair:2-4     Snake: Lair:2-4    Spider: Lair:2-4

Altars:
Ashenzari
Cheibriados
Dithmenos
Elyvilon
Fedhas
Gozag
Hepliaklqana
Kikubaaqudgha
Makhleb
Nemelex Xobeh
Okawaru
Qazlal
Ru
Sif Muna
Trog
Uskayaw
Vehumet
Wu Jian
Xom
Yredelemnul
Zin
The Shining One

Annotations:
D:7 exclusion: downstairs, Joseph
D:8 exclusion: upstairs
D:11 exclusion: boulder beetle
Orc:1 exclusions: orc, orc knight and orc sorcerer


Innate Abilities, Weirdness & Mutations

You can breathe waves of freezing cold which knock back foes.
Your icy white scales are hard. (AC +8)
You cannot fit into any form of body armour.
Your flesh is cold resistant. (rC+)
You are cold-blooded and may be slowed by cold attacks.


Message History

The yak is heavily wounded.
The yak misses you.
Being near the torpor snail leaves you feeling lethargic.
You feel yourself speed up.
A nearby plant withers and dies.
Being near the torpor snail leaves you feeling lethargic.
The swamp worm fires a harpoon shot at you.
The harpoon shot hits you.
You are yanked forward by the harpoon shot.
Splash!
You fall into the shallow water.
Moving in this stuff is going to be slow. 2 yaks come into view.
The swamp worm bites you but does no damage.
The yak misses you.
The yak bellows! x2
Unknown command.
Your unstable footing causes you to fumble your attack.
The swamp worm bites you. You block the yak's attack.
The swamp worm bites you but does no damage.
The swamp worm closely misses you. The swamp worm bites you!
The yak misses you. The swamp worm bites you!
* * * LOW HITPOINT WARNING * * *
The swamp worm misses you.
Unknown command.
As you read the scroll of teleportation, it crumbles to dust.
You feel strangely unstable. The swamp worm bites you.
* * * LOW HITPOINT WARNING * * *
The swamp worm barely misses you. The yak closely misses you.
You block the swamp worm's attack. The swamp worm bites you!
* * * LOW HITPOINT WARNING * * *
Your surroundings suddenly seem different.
Splash!
The swamp worm fires a harpoon shot at you.
The harpoon shot hits you!
* * * LOW HITPOINT WARNING * * *
You are yanked forward by the harpoon shot.
Splash!
You block the swamp worm's attack. The yak gores you!
You die...

## #≈≈ ##≈##
##≈≈ #≈≈≈# ≈...
#≈≈≈##≈≈≈##
F[.. #≈≈≈#?:≈≈≈
≈≈...
#≈≈≈##≈}≈#
≈≈..w
#≈≈≈#≈≈≈#≈≈≈..Y
#≈≈##≈##≈≈....
#≈§ww@P≈≈.....
##≈YwwY≈≈.....
#..≈≈YY≈..##.:
##.......##
##P####.# ###
##


You could see a torpor snail, 4 yaks and 3 swamp worms.

Vanquished Creatures
  Gastronok (Lair:1)
  A centaur warrior (D:8)
  Urug (Orc:1)
  Pikel (D:5)
  A deep elf pyromancer (D:10)
  A cyclops (D:11)
  A black mamba (Lair:2)
  2 cane toads (Lair:1)
  A torpor snail (Lair:2)
  A kobold demonologist (D:7)
  2 komodo dragons (Lair:2)
  A troll (D:9)
  2 polar bears (Lair:2)
  5 blink frogs (Lair:1)
  4 dream sheep (Lair:2)
  Sigmund (D:2)
  2 vampires
  7 yaks
  4 wyverns
  2 basilisks
  A vampire mosquito (D:10)
  A steam dragon (D:7)
  A warg (Orc:1)
  An acid dragon (D:9)
  8 water moccasins
  An ice beast (D:7)
  9 orc warriors
  6 black bears
  A necrophage (D:8)
  An ogre (D:4)
  8 wolves
  3 centaurs
  4 lemures
  A phantom (D:5)
  3 kobold brigands
  2 gnoll sergeants
  13 bullfrogs
  5 scorpions
  5 killer bees
  8 wights
  10 howler monkeys
  2 hounds
  5 centaur zombies
  9 orc priests
  A jelly (D:7)
  2 centaur skeletons (D:7)
  A bullfrog skeleton (D:2)
  2 iguanas
  4 orc wizards
  2 killer bee zombies (D:8)
  A hound skeleton (D:4)
  12 gnolls
  5 adders
  2 shadow imps (D:6)
  A white imp (D:6)
  2 ufetubi
  An adder skeleton (D:4)
  3 worms
  2 dart slugs (D:1)
  47 orcs
  7 ball pythons
  7 endoplasms
  5 giant cockroaches
  10 goblins
  7 hobgoblins
  8 jackals
  18 kobolds
  5 quokkas
  5 bats
  4 frilled lizards
  6 rats (D:1)
319 creatures vanquished.

Vanquished Creatures (others)
  52 fungi
  61 plants
113 creatures vanquished.

Grand Total: 432 creatures vanquished

Notes
Turn   | Place    | Note
-------+----------+-------------------------------------------
     0 | D:1      | shadowrider38 the Draconian Air Elementalist began the
                  | quest for the Orb.
     0 | D:1      | Reached XP level 1. HP: 14/14 MP: 3/3
   143 | D:1      | Reached skill level 1 in Fighting
   237 | D:1      | Reached XP level 2. HP: 24/24 MP: 0/5
  1255 | D:1      | Reached XP level 3. HP: 31/31 MP: 2/6
  2567 | D:2      | Reached XP level 4. HP: 30/40 MP: 1/7
  2643 | D:2      | Learned a level 3 spell: Swiftness
  3466 | D:2      | Noticed Sigmund
  3597 | D:2      | Found a hazy altar of Hepliaklqana.
  4723 | D:3      | Noticed a shining eye
  4725 | D:3      | Found a faded altar of an unknown god.
  4830 | D:3      | Noticed an eye of devastation
  4833 | D:3      | Noticed an eye of devastation
  4833 | D:3      | Noticed a great orb of eyes
  5132 | D:3      | Found a glowing golden altar of the Shining One.
  5490 | D:4      | Reached XP level 5. HP: 46/46 MP: 3/8
  6752 | D:4      | Reached XP level 6. HP: 52/52 MP: 4/9
  7032 | D:4      | Learned a level 4 spell: Airstrike
  7106 | D:4      | Found a staircase to the Ecumenical Temple.
  7209 | Temple   | Entered the Ecumenical Temple
  7628 | Temple   | Became a worshipper of Vehumet
  7711 | D:4      | Reached skill level 5 in Air Magic
  7993 | D:5      | Entered Level 5 of the Dungeon
  8165 | D:5      | Noticed a water moccasin
  9922 | D:4      | Your scales start taking on an icy white colour.
  9922 | D:4      | Reached XP level 7. HP: 57/60 MP: 3/10
  9922 | D:4      | Gained mutation: Your flesh is cold resistant. (rC+) [White
                  | Draconian growth]
 10233 | D:4      | Reached skill level 5 in Fighting
 12969 | D:5      | Reached XP level 8. HP: 70/70 MP: 5/11
 13041 | D:5      | Noticed Pikel
 14117 | D:5      | Killed Pikel
 15571 | D:6      | Identified 2 scrolls of acquirement
 15576 | D:6      | Acquired the +3 pair of seven-league boots {Rampage+∞}
 15576 | D:6      | Found the +3 pair of seven-league boots {Rampage+∞}
 15586 | D:6      | Acquired the +1 hat of the Unbroken {Rampage Int+2}
 16284 | D:6      | Reached skill level 10 in Air Magic
 16995 | D:7      | Reached XP level 9. HP: 75/75 MP: 0/13
 18577 | D:7      | Noticed Joseph
 19033 | D:2      | Killed Sigmund
 19321 | D:2      | Acquired the amulet of Woylyzeo {rElec Regen+ rCorr}
 19549 | D:8      | Reached skill level 5 in Spellcasting
 20261 | D:8      | Noticed a centaur warrior
 20267 | D:8      | Killed a centaur warrior
 20278 | D:8      | Reached XP level 10. HP: 60/88 MP: 2/19
 20343 | D:8      | Noticed a sun demon
 20423 | D:8      | Noticed a soul eater
 20652 | D:8      | Reached * piety under Vehumet
 20652 | D:8      | Offered knowledge of Foxfire by Vehumet.
 23325 | D:9      | Found a staircase to the Lair.
 23336 | D:9      | Reached skill level 5 in Dodging
 23916 | Lair:1   | Entered Level 1 of the Lair of Beasts
 23921 | D:9      | Offered knowledge of Poisonous Vapours by Vehumet.
 24041 | D:9      | Reached ** piety under Vehumet
 24626 | D:10     | Entered Level 10 of the Dungeon
 24734 | D:10     | Reached skill level 1 in Shields
 25483 | D:10     | Noticed a deep elf pyromancer
 25501 | D:10     | Killed a deep elf pyromancer
 25502 | D:10     | Reached XP level 11. HP: 61/95 MP: 1/23
 25656 | D:10     | Offered knowledge of Stone Arrow by Vehumet.
 25817 | D:10     | Found a staircase to the Orcish Mines.
 26379 | Orc:1    | Entered Level 1 of the Orcish Mines
 26466 | Orc:1    | Reached *** piety under Vehumet
 26761 | Orc:1    | Noticed Urug
 26795 | Orc:1    | Killed Urug
 26796 | Orc:1    | Reached skill level 10 in Fighting
 27026 | Orc:1    | Noticed an orc knight
 27026 | Orc:1    | Noticed an orc sorcerer
 27153 | D:11     | Noticed a boulder beetle
 27737 | D:11     | Noticed a death knight
 28453 | Lair:1   | Noticed Gastronok
 28501 | Lair:1   | Killed Gastronok
 30128 | Lair:2   | Reached skill level 10 in Spellcasting
 30244 | Lair:2   | Offered knowledge of Mephitic Cloud by Vehumet.
 30245 | Lair:2   | Reached XP level 12. HP: 93/108 MP: 22/26
 30263 | Lair:2   | Learned a level 1 spell: Slow
 31642 | Lair:2   | You fall into a shaft and drop 2 floors!
 31646 | Lair:4   | Noticed a death yak
 31646 | Lair:4   | Noticed a death yak
 31655 | Lair:4   | Noticed a death yak
 31661 | Lair:4   | Noticed an eight-headed hydra
 31676 | Lair:4   | Slain by a yak

Illustrated notes

Levels and vault maps discovered:
D:1:      matt_arrival_los_fun, layout_basic
D:2:      minmay_diamond_boxcup, layout_basic, basic_altar, uniq_sigmund
D:3:      layout_basic, mainiacjoe_overflow_alcove_1,
          hellmonk_ecumenical_altar_watching_god
D:4:      layout_basic, minmay_temple_entry_poolview
D:5:      layout_gridville, uniq_pikel
D:6:      layout_basic
D:7:      layout_basic, uniq_joseph
D:8:      cheibrodos_fzero, layout_cave_pools, enter_bailey_3,
          lemuel_flamethrower_2
D:9:      layout_layer_cave, due_lair_maze_entry_diamond
D:10:     layout_roguey, orc_0_dummy, special_room [special_room_orc],
          minmay_chambers_of_fives
D:11:     layout_long_grid
D:12:     layout_rooms, minmay_crystal_room
Temple:   mainiacjoe_temple_trianglar_array
Lair:1:   layout_regular_city, uniq_gastronok
Lair:2:   layout_loops_ring
Lair:4:   layout_cave_shapes, spider_nest_entry_funnel_web, worms_lemuel
Orc:1:    layout_diamond_mine, uniq_urug

Skill      XL: |  1  2  3  4  5  6  7  8  9 10 11 12 |
---------------+-------------------------------------+-----
Fighting       | 1 3 4 6 8 10 11 | 11.0
Air Magic      | 4 6 7 10 11 | 11.0
Dodging        | 2 3 6 |  6.0
Evocations     | 2 4 |  4.0
Spellcasting   | 3 6 8 10 | 10.8
Shields        | 4 |  4.0
Stealth        | |  1.7
Conjurations   | |  1.0

Action                   |  1- 3 |  4- 6 |  7- 9 | 10-12 || total
-------------------------+-------+-------+-------+-------++-------
Melee: Unarmed           |    24 |       |       |       ||    24
       Tailslap          |     4 |     7 |    15 |    33 ||    59
       Club              |    26 |       |       |       ||    26
       Punch             |     1 |     2 |     1 |     2 ||     6
       Short sword       |     2 |     9 |       |       ||    11
       Dagger            |       |    29 |       |       ||    29
       Flail             |       |    33 |   117 |   221 ||   371
Throw: Dart              |       |     3 |       |     1 ||     4
       Boomerang         |       |       |       |     1 ||     1
 Cast: Shock             |    81 |   119 |    43 |   187 ||   430
       Swiftness         |       |     2 |     2 |     1 ||     5
       Airstrike         |       |       |    62 |   144 ||   206
 Abil: Breathe Frost     |       |       |     2 |     1 ||     3
Evoke: Wand              |       |       |     2 |     3 ||     5
  Use: Scroll            |       |     2 |    13 |    16 ||    31
 Stab: Sleeping          |     1 |     1 |       |       ||     2
       Paralysed         |       |       |       |     3 ||     3
Armor: Skin              |    21 |    22 |    47 |   177 ||   267
Dodge: Dodged            |    60 |    57 |    95 |   269 ||   481
Block: Buckler           |       |       |       |    46 ||    46

Table legend: (Time is in decaauts)
 A = Elapsed time spent in this place.
 B = Non-inter-level travel time spent in this place.
 C = Inter-level travel time spent in this place.
 D = Time resting spent in this place.
 E = Time spent auto-exploring this place.
 F = Levels seen in this place.
 G = Mean time per level.
                   A        B        C        D        E       F      G
               +--------+--------+--------+--------+--------+-----+--------+
         Total |  31898 |  30106 |   1792 |  18141 |   7776 |  17 | 1876.4 |
       Dungeon |  26837 |  25217 |   1620 |  15693 |   6063 |  12 | 2236.4 |
        Temple |    448 |    384 |     64 |      0 |    382 |   1 |  448.0 |
          Lair |   3864 |   3791 |     73 |   2092 |   1106 |   3 | 1288.0 |
  Orcish Mines |    748 |    714 |     34 |    356 |    225 |   1 |  748.0 |
               +--------+--------+--------+--------+--------+-----+--------+

Top non-repeatable levels by time:
     D:4: 4776 daAuts
     D:5: 3949 daAuts
     D:7: 2633 daAuts
     D:1: 2614 daAuts
     D:9: 2590 daAuts
     D:6: 2556 daAuts
  Lair:1: 2375 daAuts
     D:8: 1988 daAuts
     D:2: 1794 daAuts
     D:3: 1643 daAuts
    D:10: 1599 daAuts
  Lair:2: 1450 daAuts
   Orc:1: 748 daAuts
    D:11: 689 daAuts
  Temple: 448 daAuts
